 Dungeon Crawl Stone Soup version 0.31-a0-626-g8143ab4f1d (webtiles) character file.

Game seed: 7801687681032043731

6199 DavidChitty2 the Cleaver (level 10, -11/91 HPs)
             Began as a Minotaur Fighter on Aug 24, 2023.
             Was a Priest of Okawaru.
             Mangled by a cyclops (20 damage)
             ... on level 9 of the Dungeon.
             The game lasted 00:09:55 (6271 turns).

DavidChitty2 the Cleaver (Minotaur Fighter)         Turns: 6271, Time: 00:09:55

Health: -11/91     AC: 21    Str: 24    XL:     10   Next: 61%
Magic:  10/12      EV:  9    Int:  5    God:    Okawaru [***...]
Gold:   486        SH: 17    Dex: 11    Spells: 9/9 levels left

rFire   . . .        b - +2 morningstar (freeze)
rCold   . . .        y - +0 tower shield
rNeg    . . .        C - +0 storm dragon scales
rPois   .            z - +1 hat {Will+}
rElec   +            o - +0 cloak
rCorr   .            (no gloves)
SInv    .            h - +1 pair of boots
Will    +....        e - amulet of regeneration Stlth
                     (no ring)
HPRegen 1.15/turn    (no ring)
MPRegen 0.13/turn

%: no passive effects
@: heroic
A: horns 2, retaliatory headbutt
a: Renounce Religion, Heroism


You were on level 9 of the Dungeon.
You worshipped Okawaru.
Okawaru was most pleased with you.
You visited 2 branches of the dungeon, and saw 10 of its levels.

You collected 525 gold pieces.
You spent 39 gold pieces at shops.

Inventory:

Hand Weapons
 a - a +1 heavy war axe
 b - a +2 morningstar of freezing (weapon)
   (You took it off a wight on level 6 of the Dungeon)
Missiles
 c - a throwing net {!f}
Armour
 h - a +1 pair of boots (worn)
   (You found it on level 1 of the Dungeon)
 o - a +0 cloak (worn)
   (You took it off Crazy Yiuf on level 2 of the Dungeon)
 y - a +0 tower shield (worn)
   (You found it on level 6 of the Dungeon)
 z - a +1 hat of willpower (worn)
   (You took it off Gastronok on level 8 of the Dungeon)
 C - +0 storm dragon scales (worn)
   (You found it on level 9 of the Dungeon)
Jewellery
 e - an amulet of regeneration (around neck)
   (You found it on level 5 of the Dungeon)
 q - a ring of ice
   (You found it on level 3 of the Dungeon)
Wands
 t - a wand of flame (34)
   (You found it on level 4 of the Dungeon)
 x - a wand of acid (11)
   (You found it on level 7 of the Dungeon)
Scrolls
 f - 2 scrolls of fog
 j - 3 scrolls of enchant weapon
 l - a scroll of immolation {!r}
 r - 3 scrolls of enchant armour
 u - a scroll of blinking
 B - a scroll of poison {!r}
Potions
 d - 2 potions of might
 g - a potion of berserk rage {unknown}
 i - 3 potions of ambrosia
 k - 3 potions of attraction {!q}
 n - a potion of resistance {unknown}
 p - a potion of lignification {!q}
 s - 3 potions of brilliance
 v - 2 potions of invisibility {unknown}
 w - 2 potions of enlightenment
 A - 6 potions of curing {@q1}


   Skills:
 + Level 9.0(14.0) Fighting
 * Level 12.0(17.0) Axes
 + Level 9.1(14.1) Armour
 + Level 9.0(14.0) Shields
 + Level 4.3 Invocations


You had 9 spell levels left.
You didn't know any spells.
Your spell library contained the following spells:

 Spells                   Type           Power      Damage    Failure   Level
 Portal Projectile        Hex/Tloc       0%         N/A       100%        3
 Leda's Liquefaction      Hex/Erth       0%         N/A       100%        4
 Call Canine Familiar     Summ           Unusable   N/A       N/A         3

Dungeon Overview and Level Annotations

Branches:
Dungeon (9/15)             Temple (1/1) D:5
   Lair: D:8-11         Orc: D:9-12

Altars:
Ashenzari
Cheibriados
Dithmenos
Elyvilon
Fedhas
Gozag
Hepliaklqana
Kikubaaqudgha
Makhleb
Nemelex Xobeh
Okawaru
Qazlal
Ru
Trog
Uskayaw
Vehumet
Wu Jian
Xom
Yredelemnul
Zin
The Shining One

Shops:
D:6 *   D:8 :   D:9 *


Innate Abilities, Weirdness & Mutations

You have a pair of horns on your head.
You reflexively headbutt those who attack you in melee.


Message History

A cyclops comes into view.
The cyclops shouts!
A cyclops is nearby!
A cyclops is nearby!
The cyclops throws a large rock.
The large rock hits you!!
You hear a roar!
The cyclops throws a large rock.
The large rock hits you!
An eight-headed hydra comes into view.
The eight-headed hydra bites you but does no damage.
The eight-headed hydra bites you.
The eight-headed hydra bites you but does no damage. x2
You block the eight-headed hydra's attack.
The eight-headed hydra barely misses you.
You block the eight-headed hydra's attack.
The eight-headed hydra bites you. The cyclops completely misses you.
You slice the cyclops!!
You slice one of the eight-headed hydra's heads off!
The seven-headed hydra grows two more!
You hit the nine-headed hydra. The nine-headed hydra bites you.
* * * LOW HITPOINT WARNING * * *
The nine-headed hydra bites you but does no damage. x3
You block the nine-headed hydra's attack. x2
The nine-headed hydra barely misses you.
The nine-headed hydra bites you but does no damage.
The nine-headed hydra bites you.
* * * LOW HITPOINT WARNING * * *
The cyclops hits you!
* * * LOW HITPOINT WARNING * * *
You gain the combat prowess of a mighty hero.
The nine-headed hydra bites you!
* * * LOW HITPOINT WARNING * * *
You block the nine-headed hydra's attack.
The nine-headed hydra bites you but does no damage.
You block the nine-headed hydra's attack. x2
The nine-headed hydra bites you but does no damage.
The nine-headed hydra closely misses you.
The nine-headed hydra bites you but does no damage. x2
Your +2 morningstar of freezing glows with a cold blue light!
b - a +2 morningstar of freezing (weapon)
You block the nine-headed hydra's attack.
The nine-headed hydra barely misses you.
The nine-headed hydra bites you!
* * * LOW HITPOINT WARNING * * *
You block the nine-headed hydra's attack. x3
The nine-headed hydra bites you but does no damage.
The nine-headed hydra bites you.
* * * LOW HITPOINT WARNING * * *
You block the nine-headed hydra's attack.
The cyclops hits you!!
You die...

### ###.. #...#
##...######
#...CD....# ####...@#
.....[..# #.#
###..##.# ...# ## .
###.###.#..# #. ...
##..........# #.
...### #...........#
#)
.....####.......>...#
#.
#............[......#
#.
#...................#
#. #.


You could see a nine-headed hydra and a cyclops.

Vanquished Creatures
  Gastronok (D:8)
  Pikel (D:8)
  A troll (D:5)
  6 yaks (D:5)
  A wyvern (D:7)
  A wraith (D:9)
  3 steam dragons
  A water moccasin (D:8)
  3 orc warriors
  2 ice beasts
  A sky beast (D:6)
  2 black bears (D:7)
  An ogre (D:5)
  2 centaurs
  4 lemures (D:8)
  A phantom (D:6)
  2 kobold brigands
  2 bullfrogs
  3 scorpions
  A gnoll sergeant (D:7)
  3 wights (D:6)
  5 killer bees (D:9)
  3 jellies
  A hound (D:7)
  Crazy Yiuf (D:2)
  4 orc priests
  2 iguanas
  12 orc wizards
  2 sleepcaps (D:5)
  4 gnolls (D:7)
  7 adders
  A shadow imp (D:7)
  A white imp (D:7)
  An ufetubus (D:5)
  A worm (D:2)
  2 dart slugs
  29 orcs
  6 bats
  5 endoplasms
  4 giant cockroaches
  7 goblins
  5 hobgoblins
  13 jackals
  5 quokkas
  5 ball pythons
  7 frilled lizards
  18 kobolds
  6 rats
199 creatures vanquished.

Notes
Turn   | Place    | Note
-------+----------+-------------------------------------------
     0 | D:1      | DavidChitty2 the Minotaur Fighter began the quest for the
                  | Orb.
     0 | D:1      | Reached XP level 1. HP: 19/19 MP: 0/0
   188 | D:1      | Reached XP level 2. HP: 27/27 MP: 1/1
   295 | D:1      | Reached skill level 3 in Axes
   604 | D:2      | Reached XP level 3. HP: 32/33 MP: 2/2
   965 | D:2      | Reached XP level 4. HP: 39/40 MP: 3/3
  1107 | D:2      | Found a runed translucent door.
  1108 | D:2      | Noticed Crazy Yiuf
  1153 | D:2      | Killed Crazy Yiuf
  1154 | D:2      | Reached skill level 4 in Axes
  1971 | D:3      | Reached XP level 5. HP: 47/47 MP: 4/4
  2056 | D:3      | Found a snail-covered altar of Cheibriados.
  2467 | D:4      | Found an ornate altar of the Wu Jian Council.
  2513 | D:4      | Reached skill level 5 in Axes
  2570 | D:4      | Reached skill level 5 in Armour
  2570 | D:4      | Reached XP level 6. HP: 46/55 MP: 5/5
  2598 | D:4      | Reached skill level 5 in Fighting
  2598 | D:4      | Reached skill level 5 in Shields
  2864 | D:5      | Entered Level 5 of the Dungeon
  3192 | D:5      | Reached skill level 6 in Axes
  3233 | D:5      | Reached XP level 7. HP: 43/61 MP: 6/6
  3263 | D:5      | Noticed a steam dragon
  3272 | D:5      | Killed a steam dragon
  3366 | D:5      | Reached skill level 7 in Axes
  3475 | D:5      | Noticed a yak
  3475 | D:5      | Noticed a yak
  3483 | D:5      | Noticed a yak
  3484 | D:5      | Noticed a yak
  3489 | D:5      | Killed a yak
  3490 | D:5      | Reached XP level 8. HP: 52/70 MP: 7/7
  3506 | D:5      | Reached skill level 8 in Axes
  3526 | D:5      | Reached skill level 9 in Axes
  3581 | D:5      | Found a staircase to the Ecumenical Temple.
  3659 | Temple   | Entered the Ecumenical Temple
  3668 | Temple   | Became a worshipper of Warmaster Okawaru
  3854 | D:5      | Noticed a troll
  3865 | D:5      | Killed a troll
  3866 | D:5      | Reached XP level 9. HP: 31/79 MP: 8/8
  4106 | D:6      | Reached skill level 1 in Invocations
  4171 | D:6      | Reached * piety under Okawaru
  4405 | D:6      | Found Morot's General Store.
  4410 | D:6      | Bought a potion of curing for 39 gold pieces
  4603 | D:6      | Found a shadowy altar of Dithmenos.
  4642 | D:6      | Reached skill level 10 in Axes
  5041 | D:7      | Found a burning altar of Makhleb.
  5108 | D:7      | Reached ** piety under Okawaru
  5539 | D:8      | Noticed Pikel
  5549 | D:8      | Killed Pikel
  5550 | D:8      | Reached skill level 11 in Axes
  5550 | D:8      | Reached XP level 10. HP: 80/90 MP: 11/11
  5617 | D:8      | Noticed Gastronok
  5628 | D:8      | Killed Gastronok
  5628 | D:8      | Reached *** piety under Okawaru
  5806 | D:8      | Found Uvu Rud's Tremendous Tomes.
  6192 | D:9      | Found Xumeym's General Store.
  6262 | D:9      | Reached skill level 12 in Axes
  6264 | D:9      | Noticed a cyclops
  6267 | D:9      | Noticed an eight-headed hydra
  6271 | D:9      | Mangled by a cyclops

Illustrated notes

Levels and vault maps discovered:
D:1:      giann_forest_graveyard, layout_basic, hex_tiny, grunt_decor_one_mirror
D:2:      layout_loops_cross, uniq_crazy_yiuf_cottage
D:3:      layout_basic, mainiacjoe_overflow_alcove_1
D:4:      layout_cave_pools, nicolae_wu_jian_glorious_leap, grunt_ministairs_13
D:5:      layout_loops_ring, minmay_temple_entry_fiery
D:6:      layout_cave_pods, mainiacjoe_overflow_alcove_2, serial_shops,
          nicolae_shop_just_a_little_nook, minmay_holes, lemuel_flame_loot_1
D:7:      layout_cave_pools, overflow_temple_1_default,
          amcnicky_mini_corridor_feature
D:8:      layout_rooms, nicolae_shop_i_like_big_books, uniq_pikel,
          uniq_gastronok
D:9:      layout_rooms, serial_shops, shop
Temple:   nicolae_temple_bog_church

Skill      XL: |  1  2  3  4  5  6  7  8  9 10 |
---------------+-------------------------------+-----
Axes           | 3 4 5 6 7 9 11 12 | 12.0
Fighting       | 4 5 6 7 8 9 |  9.0
Armour         | 4 5 6 7 8 9 |  9.1
Shields        | 4 5 6 7 8 9 |  9.0
Invocations    | 3 4 |  4.3

Action                     |  1- 3 |  4- 6 |  7- 9 | 10-12 || total
---------------------------+-------+-------+-------+-------++-------
  Melee: War axe           |    80 |   138 |   214 |    53 ||   485
         Headbutt          |     8 |    21 |    37 |     7 ||    73
 Invoke: Heroism           |       |       |       |     2 ||     2
    Use: Scroll            |       |    10 |     7 |     2 ||    19
         Potion            |       |       |     3 |       ||     3
 Armour: Scale mail        |    42 |       |       |       ||    42
         Plate armour      |     3 |   102 |   128 |    32 ||   265
         Storm dragon scal |       |       |       |    17 ||    17
  Dodge: Dodged            |    43 |    41 |    38 |    19 ||   141
  Block: Buckler           |    22 |    28 |    35 |       ||    85
         Tower shield      |       |       |    84 |    78 ||   162

Table legend: (Time is in decaauts)
 A = Elapsed time spent in this place.
 B = Non-inter-level travel time spent in this place.
 C = Inter-level travel time spent in this place.
 D = Time resting spent in this place.
 E = Time spent auto-exploring this place.
 F = Levels seen in this place.
 G = Mean time per level.
                   A        B        C        D        E       F      G
               +--------+--------+--------+--------+--------+-----+--------+
         Total |   6419 |   6183 |    236 |    175 |   4458 |  10 |  641.9 |
       Dungeon |   6402 |   6173 |    229 |    175 |   4458 |   9 |  711.3 |
        Temple |     17 |     10 |      7 |      0 |      0 |   1 |   17.0 |
               +--------+--------+--------+--------+--------+-----+--------+

Top non-repeatable levels by time:
     D:5: 1168 daAuts
     D:6: 1017 daAuts
     D:3: 1011 daAuts
     D:2: 756 daAuts
     D:4: 666 daAuts
     D:8: 559 daAuts
     D:7: 523 daAuts
     D:1: 493 daAuts
     D:9: 205 daAuts
  Temple: 17 daAuts
